 Dungeon Crawl Stone Soup version 0.28.0-43-g3370ac3207 (webtiles) character file.

Game seed: 8674900417804925016

11611 terff the Basher (level 11, 0/99 HPs)
             Began as a Hill Orc Fighter on Apr 1, 2022.
             Was a High Priest of Okawaru.
             Slain by an eight-headed hydra (6 damage)
             ... on level 10 of the Dungeon.
             The game lasted 00:28:38 (10297 turns).

terff the Basher (Hill Orc Fighter)                Turns: 10297, Time: 00:28:39

Health: 0/99       AC: 18    Str: 20    XL:     11   Next: 80%
Magic:  11/11      EV: 13    Int:  8    God:    Okawaru [*****.]
Gold:   571        SH: 11    Dex: 14    Spells: 10/10 levels left

rFire   . . .      SeeInvis .   o - +2 whip (elec)
rCold   . . .      Faith    .   L - +0 kite shield
rNeg    . . .      Spirit   .   c - +3 chain mail
rPois   +          Reflect  .   A - +1 hat
rElec   .          Harm     .   P - +1 cloak
rCorr   .          Rampage  .   F - +0 pair of gloves
Will    .....                   (no boots)
Stlth   ..........              m - amulet of regeneration
HPRegen 1.06/turn               M - ring of poison resistance
MPRegen 0.12/turn               z - +4 ring of evasion

@: no status effects
A: no striking features
a: Renounce Religion, Heroism, Finesse, Duel


You were on level 10 of the Dungeon.
You worshipped Okawaru.
Okawaru was extremely pleased with you.
You visited 3 branches of the dungeon, and saw 13 of its levels.

You collected 571 gold pieces.

Inventory:

Hand Weapons
 a - a +1 war axe
 o - a +2 whip of electrocution (weapon)
 E - a +3 flail
 Q - a +2 battleaxe
Missiles
 K - a throwing net (quivered)
Armour
 c - a +3 chain mail (worn)
 q - a +3 leather armour of poison resistance
 A - a +1 hat (worn)
 B - a +2 leather armour of fire resistance
 D - a scarf of resistance
 F - a +0 pair of gloves (worn)
 I - +0 storm dragon scales
 J - a +0 troll leather armour
 L - a +0 kite shield (worn)
 P - a +1 cloak (worn)
Magical Staves
 n - a staff of air
Jewellery
 h - a ring of positive energy
 j - a +6 ring of dexterity
 k - a ring of wizardry
 m - an amulet of regeneration (around neck)
 p - a +6 ring of intelligence
 x - an amulet of reflection
 z - a +4 ring of evasion (right hand)
 M - a ring of poison resistance (left hand)
 R - a ring of magical power
Wands
 f - a wand of digging (4)
 r - a wand of flame (12)
 w - a wand of polymorph (5)
Scrolls
 b - a scroll of immolation
 s - 3 scrolls of enchant weapon
 t - a scroll of fear
 y - a scroll of magic mapping
 G - a scroll of teleportation
 N - 2 scrolls of identify
Potions
 d - 2 potions of mutation
 e - 3 potions of haste
 g - 2 potions of attraction
 i - a potion of brilliance
 l - 2 potions of resistance
 u - 2 potions of degeneration
 v - 5 potions of curing
 C - 3 potions of heal wounds
 O - 3 potions of flight
Miscellaneous
 H - a tin of tremorstones (2/2)


   Skills:
 + Level 9.9 Fighting
 + Level 5.0(9.7) Axes
 + Level 10.9(11.2) Maces & Flails
 + Level 7.0 Armour
 + Level 6.9 Dodging
 + Level 3.2 Stealth
 + Level 9.0 Shields


You had 10 spell levels left.
You didn't know any spells.
Your spell library contained the following spells:

 Spells                   Type           Power      Damage    Failure   Level
 Magic Dart               Conj           0%         1d3       100%        1
 Searing Ray              Conj           0%         2d4       100%        2
 Gell's Gravitas          Tloc           0%         N/A       100%        3
 Lesser Beckoning         Tloc           0%         N/A       100%        3
 Teleport Other           Tloc           0%         N/A       100%        3
 Airstrike                Air            0%         N/A       100%        4
 Cause Fear               Hex            0%         N/A       100%        4
 Fulminant Prism          Conj/Hex       0%         3d6       100%        4
 Lightning Bolt           Conj/Air       0%         1d11      100%        5
 Dragon Form              Tmut           0%         N/A       100%        7
 Summon Lightning Spire   Summ/Air       Unusable   N/A       N/A         4
 Dragon's Call            Summ           Unusable   N/A       N/A         9

Dungeon Overview and Level Annotations

Branches:
Dungeon (11/15)            Temple (1/1) D:4            Lair (1/6) D:10
    Orc (0/2) D:10

Altars:
Ashenzari
Dithmenos
Fedhas
Kikubaaqudgha
Nemelex Xobeh
Okawaru
Ru
Uskayaw
Vehumet
Xom
Yredelemnul

Shops:
D:4 *   D:5 *

Annotations:
D:9 1 runed translucent door, crux's ghost, novice OpTm
D:10 3 runed translucent doors, terff's ghost, journeyman HuFi


Message History

The white imp barely misses you.
You barely miss the troll.
The troll is heavily wounded.
You block the centaur's attack. x2
The white imp gestures at you. The puff of frost misses you.
The troll bites you. The troll claws you but does no damage.
The troll misses you.
A centaur warrior simulacrum comes into view.
The white imp hits you but does no damage.
As you read the scroll of fear, it crumbles to dust.
You assume a fearsome visage.
The centaur warrior simulacrum is unaffected.
The ufetubus looks frightened!
The white imp looks frightened! x3
The centaur looks frightened!
The troll looks frightened!
The centaur yells at you, "GO AWAY!"
The troll gives up.
You block the centaur warrior simulacrum's attack. x2
There is a stone staircase leading up here.
The centaur warrior simulacrum hits you.
The centaur warrior simulacrum freezes you!!
* * * LOW HITPOINT WARNING * * *
You block the centaur warrior simulacrum's attack.
The centaur pleads, "Please don't kill me!"
Cornered, the troll turns to fight!
You climb upwards.
Level annotation: 3 runed translucent doors, terff's ghost, journeyman HuFi You block the eight-headed hydra's attack.
The eight-headed hydra bites you but does no damage.
You block the eight-headed hydra's attack.
The eight-headed hydra bites you.
* * * LOW HITPOINT WARNING * * *
The eight-headed hydra bites you.
* * * LOW HITPOINT WARNING * * *
The eight-headed hydra bites you but does no damage.
The eight-headed hydra completely misses you.
The eight-headed hydra bites you.
* * * LOW HITPOINT WARNING * * *
The eight-headed hydra barely misses you.
The eight-headed hydra bites you.
You die...

..........##############...###
#. ..............ro.........###
#. ..........################ #.
########.## #. #.# ## ##o# #
###..# # #..o## ############## #
####'#### #..@.........# #
#.#.o...# #.D<.........# ####
#.#.#o#.#####...........[####...
#.#.#.#.##..'...................
#.#.#.###..##.........#.........
#...#...#.###..........#........
#.#####.'.# #............#......
#.......### ########'...##.>....
####..### ##..............


You could see an eight-headed hydra.

Vanquished Creatures
  A hydra (Lair:1)
  2 two-headed ogres
  3 death yaks (D:10)
  Maurice (D:10)
  Maggie (D:6)
  A cane toad (Lair:1)
  Psyche (D:8)
  A troll (D:10)
  Prince Ribbit (D:5)
  A hornet (D:9)
  A vampire (D:10)
  7 yaks (D:9)
  Grum (D:8)
  Eustachio (D:4)
  2 steam dragons
  Menkaure (D:4)
  Duvessa (D:6)
  3 water moccasins (Lair:1)
  4 orc warriors
  A sky beast (D:5)
  An ice beast (D:4)
  3 necrophages
  3 black bears
  3 wolves (D:8)
  5 centaurs
  An ogre (D:4)
  A kobold brigand (D:10)
  A gnoll sergeant (D:10)
  2 wyvern zombies
  A scorpion (D:6)
  Dowan (D:6)
  A wyvern skeleton (D:7)
  4 killer bees
  8 wights
  2 howler monkeys
  A crimson imp (D:4)
  5 centaur zombies
  2 bullfrog zombies (D:6)
  2 hounds
  5 orc priests
  2 centaur skeletons
  3 iguanas
  7 orc wizards
  Ijyb (D:5)
  2 hell rats
  A killer bee zombie (D:7)
  5 gnolls (D:10)
  2 river rats (D:10)
  11 adders
  A shadow imp (D:5)
  A white imp (D:4)
  3 dart slugs
  38 orcs
  5 ball pythons
  3 bats
  5 endoplasms
  A giant cockroach (D:2)
  6 hobgoblins
  8 jackals
  5 quokkas
  9 frilled lizards
  3 goblins
  3 kobolds
  2 rats
  A toadstool (D:6)
215 creatures vanquished.

Vanquished Creatures (others)
  An orc (D:9)
  A plant (Lair:1)
  4 toadstools (D:6)
6 creatures vanquished.

Grand Total: 221 creatures vanquished

Notes
Turn   | Place    | Note
-------+----------+-------------------------------------------
     0 | D:1      | terff the Hill Orc Fighter began the quest for the Orb.
     0 | D:1      | Reached XP level 1. HP: 19/19 MP: 1/1
   125 | D:1      | Reached XP level 2. HP: 21/27 MP: 2/2
   350 | D:1      | Found a faded altar of an unknown god.
   388 | D:1      | Reached XP level 3. HP: 33/33 MP: 3/3
   632 | D:1      | You fall into a shaft and drop 1 floor!
  1298 | D:2      | Reached XP level 4. HP: 35/40 MP: 4/4
  1520 | D:2      | Reached skill level 1 in Dodging
  1606 | D:2      | Found a hide-covered altar of Uskayaw.
  2376 | D:3      | Reached XP level 5. HP: 47/47 MP: 5/5
  2967 | D:4      | Noticed an ice beast
  2979 | D:4      | Killed an ice beast
  2980 | D:4      | Reached skill level 5 in Fighting
  2980 | D:4      | Reached skill level 2 in Maces & Flails
  2980 | D:4      | Reached XP level 6. HP: 22/56 MP: 6/6
  3187 | D:4      | Found a staircase to the Ecumenical Temple.
  3199 | Temple   | Entered the Ecumenical Temple
  3279 | Temple   | Became a worshipper of Warmaster Okawaru
  3348 | D:4      | Noticed Menkaure
  3359 | D:4      | Killed Menkaure
  3360 | D:4      | Reached skill level 5 in Axes
  3360 | D:4      | Reached skill level 3 in Maces & Flails
  3430 | D:4      | Noticed Eustachio
  3471 | D:4      | Killed Eustachio
  3472 | D:4      | Reached XP level 7. HP: 30/61 MP: 7/7
  3590 | D:4      | Found Siur's Lightly-Used Armoury.
  3677 | D:5      | Entered Level 5 of the Dungeon
  3721 | D:4      | Reached skill level 4 in Maces & Flails
  3750 | D:5      | Reached skill level 5 in Armour
  3752 | D:5      | Reached * piety under Okawaru
  3882 | D:5      | Reached skill level 5 in Maces & Flails
  3882 | D:5      | Reached XP level 8. HP: 64/70 MP: 8/8
  4064 | D:5      | Reached skill level 5 in Shields
  4150 | D:5      | Noticed Prince Ribbit
  4412 | D:6      | Noticed Maggie
  4437 | D:6      | Killed Maggie
  4437 | D:6      | Reached ** piety under Okawaru
  4438 | D:6      | Reached skill level 6 in Maces & Flails
  4716 | D:6      | Noticed Duvessa
  4716 | D:6      | Noticed Dowan
  4721 | D:6      | Killed Duvessa
  4722 | D:6      | Killed Dowan
  4723 | D:6      | Reached XP level 9. HP: 75/78 MP: 9/9
  4919 | D:6      | Reached skill level 1 in Stealth
  4933 | D:6      | Reached skill level 7 in Maces & Flails
  5139 | D:5      | Killed Prince Ribbit
  5199 | D:5      | Noticed Ijyb
  5211 | D:5      | Killed Ijyb
  5403 | D:5      | Found Poavvit's Neck Hole.
  5604 | D:6      | Reached *** piety under Okawaru
  5920 | D:7      | Reached skill level 8 in Maces & Flails
  6472 | D:8      | Noticed Grum
  6479 | D:8      | Reached XP level 10. HP: 86/88 MP: 10/10
  6491 | D:8      | Killed Grum
  6667 | D:8      | Noticed Psyche
  6684 | D:8      | Killed Psyche
  7058 | D:9      | Reached **** piety under Okawaru
  7067 | D:9      | Reached skill level 5 in Dodging
  7089 | D:9      | Reached skill level 9 in Maces & Flails
  7174 | D:9      | Reached ***** piety under Okawaru
  7612 | D:9      | Found a runed translucent door.
  7612 | D:9      | Noticed crux's ghost (novice OpTm)
  7612 | D:9      | Noticed a two-headed ogre
  7625 | D:9      | Killed a two-headed ogre
  7846 | D:9      | Received a gift from Okawaru
  8001 | D:9      | Reached XP level 11. HP: 90/97 MP: 11/11
  8058 | D:9      | Found a shimmering altar of Xom.
  8181 | D:10     | Entered Level 10 of the Dungeon
  8181 | D:10     | Noticed Maurice
  8181 | D:10     | Found a staircase to the Lair.
  8182 | D:10     | Noticed a death yak
  8182 | D:10     | Noticed a death yak
  8182 | D:10     | Noticed a death yak
  8799 | D:10     | Reached skill level 10 in Maces & Flails
  8824 | D:10     | Noticed a two-headed ogre
  8844 | D:10     | Killed a two-headed ogre
  8920 | D:10     | Found a staircase to the Orcish Mines.
  9180 | D:10     | Killed a death yak
  9216 | D:10     | Killed a death yak
  9216 | D:10     | Received a gift from Okawaru
  9332 | D:10     | Killed a death yak
  9441 | D:10     | Killed Maurice
  9522 | D:10     | Noticed terff's ghost (journeyman HuFi)
  9524 | D:10     | Found a runed translucent gate.
  9525 | D:10     | Found a runed translucent gate.
  9528 | D:10     | Found a runed translucent gate.
  9821 | Lair:1   | Entered Level 1 of the Lair of Beasts
  9980 | Lair:1   | Noticed a six-headed hydra
  9995 | Lair:1   | Killed a six-headed hydra
 10168 | Lair:1   | Noticed an eight-headed hydra
 10297 | D:10     | Slain by an eight-headed hydra

Illustrated notes

Levels and vault maps discovered:
D:1:      ebering_trefoil_3fold, layout_rooms,
          shapermc_ecumenical_altar_notcrosses, st_stairs_13,
          due_unseen_surprise
D:2:      layout_basic, basic_altar, minmay_tripent
D:3:      layout_basic, nrook_loot_triangle
D:4:      layout_rooms, minmay_temple_entry_tees, hangedman_decor_lopped,
          minmay_shop_damaged, minmay_fire_ice_demons, uniq_eustachio,
          uniq_menkaure
D:5:      layout_basic, nicolae_shop_sticking_my_neck_out, uniq_prince_ribbit1,
          uniq_ijyb
D:6:      layout_basic, minmay_misc_feat_tiny, minmay_gold_behind_fungi,
          uniq_duvessa, uniq_maggie
D:7:      cheibrodos_helix_gallery, layout_basic
D:8:      layout_cave_pools, uniq_psyche, uniq_grum
D:9:      layout_loops_corners, lemuel_round_altar,
          hellmonk_ghost_happy_afterlife, kennysheep_generic_room_3
D:10:     layout_roguey, dpeg_lair_monsters, orc_david_3, gammafunk_ghost_split,
          uniq_maurice
D:11:     layout_irregular_city, portal_ice_cave_rime, serial_ice, serial_ice_e,
          serial_ice_b, serial_ice_n, serial_ice_m
Temple:   mainiacjoe_temple_hex_bubbles
Lair:1:   layout_cave_pods

Skill      XL: |  1  2  3  4  5  6  7  8  9 10 11 |
---------------+----------------------------------+-----
Fighting       | 4 5 6 7 9 |  9.9
Axes           | 3 4 5 |  5.0
Dodging        | 1 2 4 5 6 |  6.9
Armour         | 4 5 6 7 |  7.0
Maces & Flails | 2 3 5 6 8 9 10 | 10.9
Shields        | 4 5 6 7 9 |  9.0
Stealth        | 1 2 3 |  3.2

Action                   |  1- 3 |  4- 6 |  7- 9 | 10-12 || total
-------------------------+-------+-------+-------+-------++-------
Melee: War axe           |    88 |    44 |       |       ||   132
       Whip              |       |   104 |   417 |   556 ||  1077
  Use: Scroll            |     2 |     4 |     9 |     8 ||    23
       Potion            |       |       |     2 |       ||     2
 Stab: Sleeping          |       |       |       |     2 ||     2
Armor: Scale mail        |    60 |    16 |       |       ||    76
       Chain mail        |       |    64 |       |    23 ||    87
       Leather armour    |       |       |   148 |    78 ||   226
Dodge: Dodged            |    52 |    61 |   348 |   422 ||   883
Block: Buckler           |    13 |    59 |   114 |    97 ||   283
       Kite shield       |       |       |       |   122 ||   122
